 Dungeon Crawl Stone Soup version 0.18-a0-1202-g796ae12 (webtiles) character file.

1147 M4edhros the Covert (level 8, -2/48 HPs)
             Began as an Octopode Artificer on Jan 31, 2016.
             Slain by Edmund the centaur
             ... wielding a +5 flail of protection
              (3 damage)
             ... on level 6 of the Dungeon.
             The game lasted 00:06:34 (2398 turns).

M4edhros the Covert (Octopode Artificer)            Turns: 2398, Time: 00:06:35

Health: -2/48      AC:  4    Str: 10    XL:     8   Next: 38%
Magic:  12/12      EV: 16    Int: 19    God:    Xom [.*....]
Gold:   199        SH:  0    Dex: 14    Spells: 0 memorised, 7 levels left

rFire  + . .     SeeInvis .     t - +1 scythe (venom)
rCold  . . .     Gourm    .     (shield currently unavailable)
rNeg   + . .     Faith    .     (helmet restricted)
rPois  +         Spirit   .     (no amulet)
rElec  .         Dismiss  .     o - ring of protection from fire
rCorr  .         Reflect  .     y - ring of positive energy
SustAt .         Harm     .     (no ring)
MR     .....                    (no ring)
Stlth  ++++++....               (no ring)
                                (no ring)
                                (no ring)
                                (no ring)

@: lethally poisoned (-2 -> -6), not resistant to hostile enchantments, very
stealthy
A: almost no armour, amphibious, 8 rings, constrict 8, repulsion field 1, molten
scales 2, camouflage 1, agile 1, blurry vision 1, clever 1, poison resistance,
gelatinous body 1
a: Renounce Religion


You were on level 6 of the Dungeon.
You worshipped Xom.
You were a plaything of Xom.
You were hungry.

You visited 2 branches of the dungeon, and saw 7 of its levels.

You collected 199 gold pieces.

Inventory:

Hand Weapons
 a - a +0 short sword
 t - a +1 scythe of venom (weapon)
Missiles
 e - 17 poisoned needles
 m - 135 stones (quivered)
 C - a tomahawk
Jewellery
 o - a ring of protection from fire (left tentacle)
 y - a ring of positive energy (right tentacle)
Wands
 b - a wand of flame (8/48)
 c - a wand of enslavement (1/24)
 d - a wand of random effects (6/48)
 n - a wand of polymorph (10/24)
 w - a wand of draining (2/15)
Scrolls
 g - a scroll of amnesia {unknown}
 h - 3 scrolls of teleportation {unknown}
 i - 2 scrolls of magic mapping {unknown}
 j - 3 scrolls of identify {unknown}
 p - a scroll of remove curse {unknown}
 u - a scroll of enchant armour {unknown}
 A - a scroll of fear {unknown}
 D - a scroll of enchant weapon {unknown}
Potions
 l - a potion of magic
 r - a potion of haste
 x - a potion of heal wounds {unknown}
 z - a potion of agility {unknown}
Comestibles
 f - 4 bread rations
 k - a beef jerky
 q - 2 meat rations
 s - 4 fruits
 B - a royal jelly


   Skills:
 - Level 1.0 Fighting
 - Level 1.0 Short Blades
 * Level 6.3 Dodging
 * Level 9.1 Stealth
 + Level 5.5 Evocations


You had 7 spell levels left.
You didn't know any spells.

Dungeon Overview and Level Annotations

Branches:
Dungeon (6/15)             Temple (1/1) D:6

Altars:
Elyvilon
Okawaru
Qazlal
Trog
Vehumet
Xom
Yredelemnul

Annotations:
D:3 M4edhros's ghost, weakling OpAr
D:4 Robin
D:6 Edmund


Innate Abilities, Weirdness & Mutations

You cannot wear most types of armour.
You are amphibious.
You can wear up to eight rings at the same time.
You can use your tentacles to constrict eight enemies at once.
Your skin changes colour to match your surroundings (Stealth).
Your rubbery body absorbs attacks (AC +1).
You are surrounded by a mild repulsion field (EV +2).
You are mostly covered in molten scales (AC +3, EV -1).
You are agile. (Dex +2)
Scrolls take you a little longer to read.
Your mind is acute. (Int +2)
Your system is resistant to poisons.


Message History

Evoke which item? (* to show all) (? for menu, Esc to quit)
Okay, then.
Evoke which item? (* to show all) (? for menu, Esc to quit)
Zapping:
c - a wand of enslavement (2/24)
Press: ? - help, Shift-Dir - straight line, f/p - Edmund
Aim: Edmund the centaur, wielding a flail of protection (lightly wounded, chance to defeat MR: 57%)
Okay, then.
Drink which item? (? for menu, Esc to quit)
Okay, then.
Evoke which item? (* to show all) (? for menu, Esc to quit)
Zapping:
c - a wand of enslavement (2/24)
Press: ? - help, Shift-Dir - straight line, f/p - Edmund
Aim: Edmund the centaur, wielding a flail of protection (lightly wounded, chance to defeat MR: 57%) Edmund resists with significant effort.
This wand has 1 charge left.
* * * LOW HITPOINT WARNING * * *
You feel sick.
Edmund says, "I'm quite good with sums, too."
Edmund hits you with a flail of protection.
You die...
Xom guffaws!

#### ..###.#.# #........
#§# #@# #c# #######.###.#
#### #......†....## ...
...$..##†######..# #.
..... #.# ####..# #.
..)...##.###.....#######.
.............# #.........
......###..#.# #.........


You could see Edmund the centaur.

Vanquished Creatures
  Sigmund (D:5)
  An ice beast (D:5)
  2 ogres (D:5)
  A necrophage (D:6)
  2 centaurs (D:6)
  A giant frog zombie (D:6)
  A hound (D:5)
  2 iguanas (D:4)
  An orc wizard (D:5)
  5 worker ants
  A killer bee zombie (D:6)
  3 adders
  4 gnolls
  A shadow imp (D:5)
  A giant gecko (D:5)
  6 orcs
  2 giant cockroaches
  6 goblins
  3 hobgoblins
  5 bats
  A giant newt (D:5)
  A kobold (D:1)
  4 rats (D:1)
55 creatures vanquished.

Vanquished Creatures (collateral kills)
  Prince Ribbit (D:5)
  A giant frog (D:6)
  A hound (D:4)
  2 gnolls (D:5)
  3 goblins (D:4)
  A hobgoblin (D:4)
  A giant newt (D:6)
10 creatures vanquished.

Vanquished Creatures (others)
  A worker ant (D:6)
  An orc (D:4)
  A quokka (D:5)
3 creatures vanquished.

Grand Total: 68 creatures vanquished

Notes
Turn   | Place    | Note
--------------------------------------------------------------
     0 | D:1      | M4edhros the Octopode Artificer began the quest for the Orb.
     0 | D:1      | Reached XP level 1. HP: 13/13 MP: 3/3
   198 | D:1      | Reached XP level 2. HP: 12/18 MP: 4/4
   357 | D:2      | Found a radiant altar of Vehumet.
   414 | D:2      | Found a bloodstained altar of Trog.
   457 | D:3      | Found a faded altar to an unknown god.
   480 | D:3      | Found a shimmering altar of Xom.
   601 | D:3      | Became a worshipper of Xom of Chaos
   614 | D:3      | Noticed M4edhros's ghost (weakling OpAr)
   619 | D:4      | Noticed Robin
   640 | D:4      | XOM: potion effect (berserk rage)
   647 | D:4      | Reached XP level 3. HP: 23/23 MP: 5/5
   753 | D:4      | Found a stormy altar of Qazlal.
   781 | D:4      | XOM: silly message
   827 | D:5      | Entered Level 5 of the Dungeon
   833 | D:5      | XOM: divination: detect creatures
   899 | D:4      | XOM: potion effect (brilliance)
   913 | D:4      | XOM: cast spell 'Summon Small Mammal'
   917 | D:4      | Reached XP level 4. HP: 23/28 MP: 6/6
   922 | D:4      | Reached skill level 4 in Stealth
  1135 | D:4      | XOM: mild Erth miscast
  1144 | D:4      | Reached XP level 5. HP: 28/33 MP: 7/7
  1267 | D:5      | Noticed Sigmund
  1267 | D:5      | Noticed a phantom
  1307 | D:5      | Found a white marble altar of Elyvilon.
  1422 | D:5      | Found a basalt altar of Yredelemnul.
  1465 | D:5      | Killed Sigmund
  1465 | D:5      | Reached skill level 5 in Stealth
  1465 | D:5      | Reached XP level 6. HP: 29/38 MP: 7/9
  1563 | D:5      | Noticed Prince Ribbit
  1571 | D:5      | XOM: summons 4 friendly demons
  1576 | D:5      | Reached skill level 6 in Stealth
  1577 | D:5      | Killed Prince Ribbit
  1577 | D:5      | Reached XP level 7. HP: 36/43 MP: 10/10
  1687 | D:5      | Reached skill level 7 in Stealth
  1695 | D:5      | Found a white marble altar of Elyvilon.
  1713 | D:5      | XOM: give mutation
  1713 | D:5      | Gained mutation: Your system is resistant to poisons. [Xom's grace]
  1833 | D:5      | Reached skill level 5 in Dodging
  1843 | D:5      | Reached skill level 5 in Evocations
  1874 | D:5      | XOM: god gift: 52 gold pieces
  1916 | D:5      | Found an iron altar of Okawaru.
  1963 | D:5      | XOM: mild Erth miscast
  2112 | D:5      | XOM: enchant monster (good)
  2183 | D:6      | Reached skill level 8 in Stealth
  2211 | D:6      | Reached XP level 8. HP: 3/48 MP: 11/11
  2271 | D:6      | Found a staircase to the Ecumenical Temple.
  2277 | Temple   | Entered the Ecumenical Temple
  2308 | Temple   | XOM: give mutations
  2308 | Temple   | Gained mutation: You are partially covered in molten scales (AC +1). [Xom's grace]
  2308 | Temple   | Gained mutation: You are agile. (Dex +2) [Xom's grace]
  2308 | Temple   | Gained mutation: You are mostly covered in molten scales (AC +3, EV -1). [Xom's grace]
  2368 | D:6      | Noticed Edmund
  2370 | D:6      | XOM: confuse monster(s)
  2370 | D:6      | Reached skill level 9 in Stealth
  2389 | D:6      | Noticed Edmund
  2389 | D:6      | Edmund changed into Edmund the centaur
  2389 | D:6      | XOM: polymorph Edmund -> Edmund the centaur
  2390 | D:6      | Gained mutation: You are surrounded by a mild repulsion field (EV +2). [potion of mutation]
  2390 | D:6      | Gained mutation: Your mind is acute. (Int +2) [potion of mutation]
  2390 | D:6      | Gained mutation: Scrolls take you a little longer to read. [potion of mutation]
  2390 | D:6      | XOM: noise
  2393 | D:6      | XOM: noise
  2394 | D:6      | XOM: swap monsters
  2396 | D:6      | XOM: blink monster(s)
  2397 | D:6      | XOM: noise
  2397 | D:6      | HP: 2/48 [Edmund the centaur/flail of protection (4)]
  2398 | D:6      | Slain by Edmund the centaur

Vault maps used:
D:1:      sevenhm_arrival_forest_fort_large_2, serial_forest,
          infiniplex_forest_clump_long, infiniplex_forest_lined_room_3,
          infiniplex_forest_clump_double, infiniplex_forest_lined_room_2,
          infiniplex_forest_clump_medium, infiniplex_forest_pool,
          infiniplex_forest_straight_3
D:2:      lemuel_doored_altar, lemuel_round_altar, bloody_trog, first_bread
D:3:      overflow_temple_1_default, serial_co_window_serial,
          co_window_of_opportunity_a, co_window_paths_a, co_window_corner_a,
          co_window_paths_b, co_window_corner_a, co_window_of_opportunity_b,
          co_window_broadway_c, co_window_broadway_b, co_window_unsneaky_path_c,
          co_window_2corner, co_window_of_opportunity_b, co_window_cross_3,
          co_window_sun, ecumenical_altar_1, st_stairs_3, uniq_grinder
D:4:      corexii_shack_village, grunt_gozag_statues, grunt_qazlal_sundering,
          uniq_robin
D:5:      kennysheep_ying_yang, lemuel_round_altar, elyvilon_altar_4,
          uniq_prince_ribbit1, uniq_sigmund
D:6:      temple_green, basic_altar, grunt_decor_resistance, uniq_edmund
Temple:   nicolae_temple_hex_pool_5

Action                   |  1- 3 |  4- 6 |  7- 9 || total
-------------------------+-------+-------+-------++-------
Melee: Short sword       |    34 |    25 |       ||    59
       Scythe            |       |     5 |    51 ||    56
Evoke: Wand              |     4 |     3 |    24 ||    31
  Use: Potion            |     5 |     1 |     2 ||     8
 Stab: Sleeping          |     6 |     1 |     3 ||    10
       Paralysed         |       |       |     2 ||     2
  Eat: Chunk             |       |     2 |     3 ||     5
